 Dungeon Crawl Stone Soup version 0.31-a0-986-g5e6e4ef867 (webtiles) character file.

Game seed: 703314038627639523

91 Jeffwins the Changeling (level 4, 0/27 HPs)
             Began as a Draconian Shapeshifter on Nov 24, 2023.
             Slain by a goblin
             ... wielding a +0 club
             ... led by Robin
              (2 damage)
             ... on level 1 of the Dungeon.
             The game lasted 00:03:17 (1588 turns).

Jeffwins the Changeling (Draconian Shapeshifter)    Turns: 1588, Time: 00:03:17

Health: 0/27       AC:  5    Str: 16    XL:     4   Next: 34%
Magic:  4/4        EV: 12    Int: 13    God:
Gold:   93         SH:  0    Dex: 10    Spells: 3/3 levels left

rFire   . .          .
                       - Unarmed
rCold   . . .        (shield currently unavailable)
rNeg    . . .        (body armour unavailable)
rPois   .            (helmet restricted)
rElec   .            (no cloak)
rCorr   .            (no gloves)
SInv    .            (no boots)
Will    .....        (no amulet)
Stlth   +            (no ring)
HPRegen 0.24/turn    (no ring)
MPRegen 0.09/turn

%: no passive effects
@: flux-form, glowing
A: glow, contaminating, reduced hp, AC +5, unfitting armour, cold-blooded
a: Begin Untransformation


You were on level 1 of the Dungeon.
You were something dangerously unstable.
You visited 1 branch of the dungeon, and saw 2 of its levels.

You collected 93 gold pieces.


Innate Abilities, Weirdness & Mutations

You are something dangerously unstable.
You glow with magical radiation, making you easy to see and hit.
Foes you strike become dangerously contaminated with magical radiation.
Your maximum health is decreased, since you lack skill for your form.
You are incapable of wielding weapons or throwing items.
Your plain brown scales are hard. (AC +5)
You cannot fit into any form of body armour.
You are cold-blooded and may be slowed by cold attacks.


   Skills:
 - Level 1.1 Fighting
 - Level 1.7 Dodging
 - Level 3.0 Unarmed Combat
 * Level 4.9 Shapeshifting


You had 3 spell levels left.
You didn't know any spells.
Your spell library was empty.

Inventory:

Missiles
 k - a throwing net {=f}
Talismans
 b - a beast talisman
 c - a flux talisman (active)
Scrolls
 e - a scroll of revelation {unknown}
 g - a scroll of vulnerability {unknown}
 j - a scroll of identify {unknown}
 l - a scroll of amnesia {unknown}
Potions
 a - a potion of lignification {!q}
 d - a potion of heal wounds {unknown}
 f - a potion of brilliance {unknown}
 h - a potion of berserk rage {unknown}
 i - 3 potions of degeneration {unknown}

Dungeon Overview and Level Annotations

Branches:
Dungeon (2/15)

Altars:

######♣P.♣†.♣♣## #)# ..###
#♣♣P♣♣♣ #.# #...### ♣♣♣
#.# ###...# #.# # ###.#
#.# # #...# #.# ♣#♣.♣#♣#♣
#.# ###### #.......###
####.####### #.....
♣.......♣.# #.p........#
#.####
........#.#####.#g..####.#
#.# #
♣.......♣............#
#.###.####
#.......#.#######...##
#.......## ♣.......♣.#
##.## #####....#
#.......#.# #.# #..P..
♣#♣.♣.♣.♣.# #.# ##.P♣♣.
....###.### ##'## #P.♣♣..
#######.# ##...## ##.♣♣♣♣.


You could see a goblin (heavy contam).


Message History

You kill the hobgoblin!
You hit the goblin.
The goblin begins to glow.
You tail-slap the goblin, but do no damage.
The goblin is moderately wounded.
The goblin closely misses you.
You hit the goblin.
The goblin glows dangerously bright.
The goblin is severely wounded.
The goblin closely misses you.
You hit the goblin.
You kill the goblin!
A bat comes into view.
A goblin comes into view. It is wielding a +0 club.
The goblin shouts!
Found a scale mail.
There is a stone staircase leading up here.
The goblin misses you.
You climb upwards.
There is a stone staircase leading down here.
A goblin is nearby!
You are too injured to fight recklessly!
Unknown command.
You hit the goblin but do no damage.
The goblin begins to glow.
The goblin hits you with a +0 club.
* * * LOW HITPOINT WARNING * * *
You barely miss the goblin. The goblin hits you with a +0 club.
* * * LOW HITPOINT WARNING * * *
You hit the goblin.
The goblin glows dangerously bright.
The goblin is moderately wounded.
The goblin hits you with a +0 club.
You die...

Skill      XL: |  1  2 |
---------------+-------+-----
Shapeshifting  | 4 |  4.9
Fighting       | |  1.1
Dodging        | |  1.7
Unarmed Combat | |  3.0

Action                     |  1- 3 |  4- 6 || total
---------------------------+-------+-------++-------
  Melee: Unarmed           |    81 |    42 ||   123
         Tailslap          |     6 |     5 ||    11
 Armour: Skin              |    36 |    22 ||    58
  Dodge: Dodged            |    40 |    26 ||    66
   Form: Flux              |     1 |       ||     1

Levels and vault maps discovered:
D:1:      saegor_arrival_under_anarchy, layout_loops_corners, serial_forest,
          infiniplex_forest_clump_small, infiniplex_forest_lined_room_3,
          infiniplex_forest_end_2, infiniplex_forest_lined_2,
          infiniplex_forest_clump_medium, infiniplex_forest_straight_4,
          infiniplex_forest_corner_2, infiniplex_forest_lined_room_2,
          infiniplex_forest_corner_1
D:2:      layout_basic, serial_shops, shop, dreamdust_ecumenical_altar_grove,
          minivault_23, chequers_avenue, minmay_quantized, uniq_sigmund,
          uniq_robin, uniq_terence, uniq_crazy_yiuf_cottage

Notes
Turn   | Place    | Note
-------+----------+-------------------------------------------
     0 | D:1      | Jeffwins the Draconian Shapeshifter began the quest for the
                  | Orb.
     0 | D:1      | Reached XP level 1. HP: 16/16 MP: 1/1
   334 | D:1      | Reached XP level 2. HP: 21/23 MP: 2/2
  1013 | D:1      | Reached skill level 4 in Shapeshifting
  1222 | D:2      | Reached XP level 3. HP: 23/28 MP: 3/3
  1289 | D:2      | Noticed Terence
  1322 | D:2      | Killed Terence
  1508 | D:2      | Noticed Robin
  1529 | D:2      | Reached XP level 4. HP: 17/35 MP: 4/4
  1555 | D:2      | Killed Robin
  1560 | D:2      | HP: 1/27 [hobgoblin[Robin] (5)]
  1587 | D:1      | HP: 2/27 [goblin/+0 club[Robin] (1)]
  1588 | D:1      | Slain by a goblin

Vanquished Creatures
  Terence (D:2)
  Robin (D:2)
  An adder (D:2)
  A worm (D:2)
  A dart slug (D:1)
  An endoplasm (D:1)
  2 giant cockroaches (D:1)
  9 goblins
  5 hobgoblins
  A quokka (D:1)
  3 ball pythons
  A bat (D:1)
  4 frilled lizards (D:1)
  5 kobolds
  6 rats
42 creatures vanquished.

Table legend: (Time is in decaauts)
 A = Elapsed time spent in this place.
 B = Non-inter-level travel time spent in this place.
 C = Inter-level travel time spent in this place.
 D = Time resting spent in this place.
 E = Time spent auto-exploring this place.
 F = Levels seen in this place.
 G = Mean time per level.
                   A        B        C        D        E       F      G
               +--------+--------+--------+--------+--------+-----+--------+
         Total |   1586 |   1563 |     23 |      0 |   1274 |   2 |  793.0 |
       Dungeon |   1586 |   1563 |     23 |      0 |   1274 |   2 |  793.0 |
               +--------+--------+--------+--------+--------+-----+--------+

Top non-repeatable levels by time:
     D:1: 1228 daAuts
     D:2: 358 daAuts

Table legend:
 A = Non-vault XP
 B = Vault XP
 C = Vault XP percentage of total XP
 D = Non-vault monster count
 E = Vault monster count
 F = Vault count percentage of total count
                 A         B        C        D         E       F
            +---------+---------+-------+---------+---------+-------
      Total |      58 |      73 |  55.7 |      28 |      14 |  33.3
            +---------+---------+-------+---------+---------+-------
        D:1 |      36 |       0 |   0.0 |      23 |       0 |   0.0
        D:2 |      22 |      73 |  76.8 |       5 |      14 |  73.7
            +---------+---------+-------+---------+---------+-------
